 Dungeon Crawl Stone Soup version 0.27-a0-828-g8289197e94 (webtiles) character file.

Game seed: 12809281752795972256

3014 porpoise the Conjurer (level 9, -4/54 HPs)
             Began as a Deep Elf Conjurer on Mar 31, 2021.
             Was an Initiate of Vehumet.
             Slain by a hornet (17 damage)
             ... on level 7 of the Dungeon.
             The game lasted 00:25:59 (7650 turns).

porpoise the Conjurer (Deep Elf Conjurer)           Turns: 7650, Time: 00:26:00

Health: -4/54      AC:  5    Str:  6    XL:     9   Next: 55%
Magic:  9/18       EV: 13    Int: 25    God:    Vehumet [......]
Gold:   239        SH:  0    Dex: 13    Spells: 5/18 levels left

rFire    . . .     SeeInvis .   b - +0 hunting sling
rCold    . . .     Faith    .   (no shield)
rNeg     . . .     Spirit   .   D - +1 robe
rPois    .         Reflect  .   f - +0 helmet
rElec    .         Harm     .   K - +0 cloak
rCorr    .         Rampage  .   (no gloves)
Will     .....                  (no boots)
Stlth    +++.......             I - amulet of magic regeneration
HPRegen  0.18/turn              (no ring)
MPRegen  0.41/turn              (no ring)

@: slowed, very slow
A: no striking features
a: Renounce Religion


You were on level 7 of the Dungeon.
You worshipped Vehumet.
Vehumet was noncommittal.
You visited 2 branches of the dungeon, and saw 8 of its levels.

You collected 239 gold pieces.

Inventory:

Hand Weapons
 a - a +0 rapier of venom
 b - a +0 hunting sling (weapon)
Missiles
 e - 77 sling bullets (quivered ammo)
 l - 8 boomerangs
 s - 7 javelins
 y - 50 poisoned darts
 J - 2 curare-tipped darts
Armour
 f - a +0 helmet (worn)
 D - a +1 robe (worn)
 E - a +2 leather armour of willpower
 K - a +0 cloak (worn)
Magical Staves
 B - a staff of death
Jewellery
 I - an amulet of magic regeneration (around neck)
Wands
 i - a wand of mindburst (12)
 A - a wand of iceblast (7)
Scrolls
 m - a scroll of magic mapping
 n - a scroll of teleportation {unknown}
 p - a scroll of noise {unknown}
 r - a scroll of vulnerability {unknown}
 v - a scroll of immolation {unknown}
 w - a scroll of enchant weapon {unknown}
 x - a scroll of amnesia {unknown}
 z - a scroll of fog {unknown}
 C - a scroll of enchant armour {unknown}
Potions
 c - 4 potions of brilliance
 d - 3 potions of invisibility
 g - a potion of ambrosia
 h - a potion of lignification {unknown}
 j - 2 potions of curing
 k - 4 potions of might
 o - 2 potions of heal wounds
 q - a potion of haste {unknown}
 u - 3 potions of flight
 F - 2 potions of magic
 G - a potion of mutation {unknown}
 H - a potion of cancellation {unknown}
Miscellaneous
 t - a box of beasts


   Skills:
 - Level 5.0 Fighting
 - Level 5.0 Dodging
 + Level 4.5 Stealth
 - Level 5.0 Spellcasting
 + Level 7.7 Conjurations
 - Level 7.0 Hexes
 - Level 5.0 Translocations
 - Level 5.0 Evocations


You had 5 spell levels left.
You knew the following spells:

 Your Spells              Type           Power      Damage    Failure   Level
a - Magic Dart            Conj           100%       1d8       1%          1
b - Searing Ray           Conj           90%        3d6       1%          2
c - Fulminant Prism       Conj/Hex       21%        3d13      4%          4
d - Iskenderun's Mystic   Conj/Tloc      38%        2d9       6%          4
k - Blink                 Tloc           N/A        N/A       1%          2

Your spell library contained the following spells:

 Spells                   Type           Power      Damage    Failure   Level
 Apportation              Tloc           62%        N/A       1%          1
 Corona                   Hex            45%        N/A       1%          1
 Slow                     Hex            41%        N/A       1%          2
 Dazzling Flash           Conj/Hex       86%        N/A       1%          3
 Conjure Flame            Conj/Fire      25%        6-21      4%          3
 Animate Skeleton         Necr           12%        N/A       9%          1
 Summon Small Mammal      Summ           24%        N/A       9%          1
 Mephitic Cloud           Conj/Pois/Air  19%        N/A       9%          3
 Call Imp                 Summ           6%         N/A       12%         2


Dungeon Overview and Level Annotations

Branches:
Dungeon (7/15)             Temple (1/1) D:6

Altars:
Ashenzari
Cheibriados
Gozag
Hepliaklqana
Trog
Vehumet
Wu Jian
Xom
Yredelemnul
Zin
The Shining One

Shops:
D:1 *

Annotations:
D:5 1 exclusion
D:6 3 runed translucent doors, Grognak's ghost, novice MiFi
D:7 dig


Message History

Confirm with . or Enter, or press ? or * to list all spells.
Aiming: Searing Ray (safe; 1% risk of failure)
Press: ? - help, Shift-Dir - straight line, f - hornet
Aim: a hornet (heavily wounded, ally target, 27% to evade)
The searing ray hits the hornet.
The hornet is severely wounded. (Press . to maintain the ray.)
Your fulminant prism crackles loudly.
Really fire in your fulminant prism's direction?
Okay, then.
You stop channeling your searing ray.
Your fulminant prism explodes!
You hear a shout!
Casting: Searing Ray (safe; 1% risk of failure)
Confirm with . or Enter, or press ? or * to list all spells.
Aiming: Searing Ray (safe; 1% risk of failure)
Press: ? - help, Shift-Dir - straight line, f/p - hornet
Aim: a hornet (severely wounded, 27% to evade)
The searing ray hits the hornet.
The hornet is severely wounded. (Press . to maintain the ray.)
The hornet stings you!
You feel yourself slow down.
The searing ray hits the hornet.
The hornet is almost dead.
You feel yourself speed up. The hornet closely misses you.
The hornet stings you!
You are poisoned.
You suddenly lose the ability to move!
The hornet stings you!
You feel yourself slow down.
You can move again.
You feel very sick. The hornet stings you!!
* * * LOW HITPOINT WARNING * * *
You are more poisoned.
You feel as though you will be slow longer.
The hornet stings you.
* * * LOW HITPOINT WARNING * * *
You feel as though you will be slow longer.
You feel better. The hornet closely misses you. The hornet stings you!
You die...

#. # # ## ### #. .#. ..
..# #. ...#. ... #.
#.#.###.# #. #....##.#
#. #....##.# #.
#...<##.###############.
#.#...y@....)...........
#.###.################
#. #.# .. #.# ### #.#
#.# ..# ###


You could see a hornet.

Vanquished Creatures
  Sigmund (D:5)
  Eustachio (D:5)
  A steam dragon (D:7)
  Menkaure (D:5)
  A water moccasin (D:4)
  2 sky beasts
  2 ice beasts
  3 black bears (D:6)
  4 ogres
  A centaur (D:7)
  A phantom (D:4)
  A kobold brigand (D:5)
  6 scorpions
  A water moccasin zombie (D:5)
  A centaur zombie (D:5)
  A jelly (D:6)
  2 centaur skeletons (D:7)
  3 hounds
  Ijyb (D:5)
  2 bullfrog skeletons
  4 iguanas
  2 orc wizards
  Natasha (thrice) (D:2)
  Robin (D:2)
  A gnoll (D:1)
  A howler monkey skeleton (D:4)
  5 adders
  A shadow imp (D:6)
  2 white imps
  An ufetubus (D:4)
  An adder zombie (D:4)
  2 adder skeletons (D:4)
  A worm (D:2)
  2 dart slugs
  7 orcs
  5 endoplasms
  A giant cockroach (D:4)
  15 goblins
  14 hobgoblins
  8 jackals
  3 quokkas
  10 ball pythons
  6 bats
  A frilled lizard (D:2)
  10 kobolds
  5 rats
148 creatures vanquished.

Vanquished Creatures (others)
  10 fulminant prisms
10 creatures vanquished.

Grand Total: 158 creatures vanquished

Notes
Turn   | Place    | Note
-------+----------+-------------------------------------------
     0 | D:1      | porpoise the Deep Elf Conjurer began the quest for the Orb.
     0 | D:1      | Reached XP level 1. HP: 10/10 MP: 6/6
   295 | D:1      | Reached XP level 2. HP: 15/15 MP: 4/8
   333 | D:1      | Learned a level 2 spell: Searing Ray
   819 | D:1      | Found Fueph's Assorted Antiques.
   850 | D:1      | Reached skill level 5 in Conjurations
   850 | D:1      | Reached XP level 3. HP: 19/19 MP: 4/10
  1322 | D:2      | Noticed Natasha
  1326 | D:2      | Killed Natasha
  1554 | D:2      | Noticed Robin
  1557 | D:2      | Reached XP level 4. HP: 24/24 MP: 9/12
  1562 | D:2      | Killed Robin
  1697 | D:2      | Reached skill level 5 in Spellcasting
  1727 | D:2      | Learned a level 4 spell: Fulminant Prism
  1732 | D:2      | Learned a level 4 spell: Iskenderun's Mystic Blast
  2191 | D:2      | Noticed Natasha
  2196 | D:2      | Killed Natasha
  2197 | D:2      | Reached XP level 5. HP: 28/28 MP: 6/14
  2381 | D:2      | Noticed Natasha
  2387 | D:2      | Killed Natasha
  2640 | D:3      | Found a broken altar of Ashenzari.
  3393 | D:4      | Reached skill level 1 in Hexes
  3393 | D:4      | Reached XP level 6. HP: 33/33 MP: 8/15
  3508 | D:4      | Reached skill level 1 in Fighting
  4093 | D:4      | Noticed a water moccasin
  4097 | D:4      | Killed a water moccasin
  4098 | D:4      | Reached XP level 7. HP: 40/40 MP: 10/16
  4408 | D:4      | Reached skill level 5 in Hexes
  4536 | D:5      | Entered Level 5 of the Dungeon
  4900 | D:5      | Noticed Eustachio
  4911 | D:5      | Killed Eustachio
  4912 | D:5      | Reached XP level 8. HP: 22/48 MP: 1/17
  5280 | D:5      | Noticed Sigmund
  5284 | D:5      | Killed Sigmund
  5285 | D:5      | Reached skill level 1 in Translocations
  5402 | D:5      | Noticed Ijyb
  5417 | D:5      | Killed Ijyb
  5428 | D:5      | Noticed Menkaure
  5433 | D:5      | Killed Menkaure
  5434 | D:5      | Reached skill level 5 in Fighting
  5700 | D:5      | Learned a level 2 spell: Blink
  5727 | D:5      | Found an ornate altar of the Wu Jian Council.
  5850 | D:5      | Reached skill level 5 in Translocations
  6288 | D:6      | Found a runed translucent gate.
  6288 | D:6      | Found a runed translucent gate.
  6290 | D:6      | Found a runed translucent gate.
  6296 | D:6      | Noticed Grognak's ghost (novice MiFi)
  6311 | D:6      | Reached skill level 1 in Evocations
  6414 | D:6      | Found a glowing golden altar of the Shining One.
  6444 | D:6      | Reached XP level 9. HP: 54/54 MP: 2/18
  6780 | D:6      | Reached skill level 5 in Dodging
  6927 | D:6      | Found a staircase to the Ecumenical Temple.
  6933 | Temple   | Entered the Ecumenical Temple
  6954 | Temple   | Became a worshipper of Vehumet
  7142 | D:6      | Found a bloodstained altar of Trog.
  7180 | D:6      | Reached skill level 5 in Evocations
  7273 | D:7      | Found a glowing silver altar of Zin.
  7648 | D:7      | Paralysed by a hornet for 1 turns
  7649 | D:7      | HP: 2/54 [hornet (4)]
  7650 | D:7      | Slain by a hornet

Illustrated notes

Levels and vault maps discovered:
D:1:      minmay_arrival_shoal_huts, layout_loops_ring, serial_shops, shop
D:2:      layout_loops_corners, uniq_natasha, uniq_robin
D:3:      layout_rooms, nicolae_overflow_crystal_walls, kennysheep_potato
D:4:      layout_basic, minmay_bent
D:5:      layout_basic, overflow_temple_1_default, uniq_menkaure, uniq_ijyb,
          uniq_sigmund, uniq_eustachio
D:6:      layout_loops_cross, tso_metal_star, trog_ov_bears_minmay,
          minmay_temple_entry_enclosed_plants, gammafunk_ghost_split
D:7:      layout_loops_ring, lemuel_doored_altar, due_unseen_surprise,
          uniq_duvessa
Temple:   eino_temple_scatter_basement

Skill      XL: |  1  2  3  4  5  6  7  8  9 |
---------------+----------------------------+-----
Spellcasting   | 4 5 |  5.0
Conjurations   | 5 6 7 |  7.7
Hexes          | 1 4 6 7 |  7.0
Fighting       | 2 4 5 |  5.0
Translocations | 5 |  5.0
Dodging        | 4 5 |  5.0
Evocations     | 1 5 |  5.0
Stealth        | 4 |  4.5

Action                   |  1- 3 |  4- 6 |  7- 9 || total
-------------------------+-------+-------+-------++-------
Melee: Spear             |       |     3 |       ||     3
       Dagger            |       |       |     2 ||     2
 Fire: Hunting sling     |       |    24 |    40 ||    64
Throw: Dart              |       |       |     4 ||     4
 Cast: Magic Dart        |    50 |    27 |     4 ||    81
       Searing Ray       |     3 |    32 |    54 ||    89
       Fulminant Prism   |       |       |    10 ||    10
Evoke: Wand              |       |       |     2 ||     2
  Use: Scroll            |       |     5 |     3 ||     8
       Potion            |       |       |     1 ||     1
Armor: Robe              |     1 |     5 |     4 ||    10
Dodge: Dodged            |     1 |     7 |    17 ||    25

Table legend: (Time is in decaauts)
 A = Elapsed time spent in this place.
 B = Non-inter-level travel time spent in this place.
 C = Inter-level travel time spent in this place.
 D = Time resting spent in this place.
 E = Time spent auto-exploring this place.
 F = Levels seen in this place.
 G = Mean time per level.
                   A        B        C        D        E       F      G
               +--------+--------+--------+--------+--------+-----+--------+
         Total |   7662 |   7497 |    165 |   2614 |   4057 |   8 |  957.8 |
       Dungeon |   7630 |   7475 |    155 |   2614 |   4048 |   7 | 1090.0 |
        Temple |     31 |     21 |     10 |      0 |      9 |   1 |   31.0 |
               +--------+--------+--------+--------+--------+-----+--------+

Top non-repeatable levels by time:
     D:5: 1677 daAuts
     D:4: 1351 daAuts
     D:2: 1314 daAuts
     D:1: 1165 daAuts
     D:6: 1027 daAuts
     D:3: 707 daAuts
     D:7: 386 daAuts
  Temple: 31 daAuts
